Description

This is a copy of beastieQT's TvZ 2020 build order without later supply depots or refineries or orbital commands

I have also limited the army showing to the first few of each unit

VOD

https://www.youtube.com/watch?v=BJBG0AzJB08

Replay - How to play Terran vs Zerg in 2020 by Beastyqt

Build Order

Get SALT Encoding   

  12  0:01  SCV  
  13  0:13  SCV  
  14  0:17  Supply Depot  
  14  0:25  SCV  
  15  0:38  SCV  
  15  0:40  Barracks  
  16  0:44  Refinery  
  16  0:50  SCV  
  17  1:03  SCV  
  18  1:15  SCV  
  19  1:27  Reaper  
  20  1:39  Command Center  
  20  1:53  SCV  
  21  1:59  Marine  
  22  2:05  SCV  
  23  2:13  Factory  
  23  2:17  SCV  
  23  2:22  Barracks Reactor  
  24  2:26  Refinery  
  27  2:59  Starport  
  27  3:06  Hellion x2  
  27  3:08  Barracks Tech Lab  
  34  3:27  Hellion x2  
  40  3:41  Banshee  
  41  3:42  Cloaking Field  
  47  3:48  Hellion x2  
  51  3:59  Armory  
  54  4:10  Hellion x2  
  58  4:24  Banshee  
  59  4:28  Barracks Tech Lab  
  68  4:44  Command Center  
  64  4:48  Factory Reactor  
  64  4:49  Marine, Stimpack  
  67  5:05  Barracks x2  
  69  5:08  Marine  
  70  5:19  Starport Reactor  
  72  5:26  Engineering Bay x2  
  72  5:28  Marine  
  75  5:36  Siege Tank  
  84  5:58  Terran Infantry Weapons Level 1, Terran Infantry Armor Level 1  
  88  6:06  Medivac x2  
  93  6:15  Siege Tank  
  102  6:27  Terran Vehicle Weapons Level 1  
  105  6:39  Combat Shield  
  112  6:56  Barracks x2  
  112  6:58  Factory  
  112  7:00  Siege Tank  
  126  7:16  Medivac x2  
  136  7:32  Siege Tank  
  141  7:43  Factory Tech Lab, Barracks Reactor x2  
  150  7:58  Concussive Shells  
  150  8:00  Command Center  
  153  8:13  Siege Tank  
  153  8:19  Siege Tank  
  20  1:28  Orbital Command  
Spawning Tool Build Advisor. Get it on Overwolf

Go to:

Details

  • Created by: Jiruri
  • Published on: May 20, 2020
  • Modified on: May 21, 2020
  • Patch: 4.11.0
Show
View Real Time Build Order
Export as new Build Order

Comments (0)

There are no comments. Be the first!

Create an account to comment!